 Dungeon Crawl Stone Soup version 0.31-a0-345-g1ebeae05c6 (webtiles) character file.

Game seed: 14450033634929661490

3738 bobarctor the Thaumaturge (level 9, 0/40 (45) HPs)
             Began as a Deep Elf Necromancer on July 22, 2023.
             Was a Follower of Kikubaaqudgha.
             Slain by a cyan ugly thing (16 damage)
             ... on level 7 of the Dungeon on July 23, 2023.
             The game lasted 00:47:47 (8410 turns).

bobarctor the Thaumaturge (Deep Elf Necromancer)    Turns: 8410, Time: 00:47:48

HP:   0/40 (45)     AC: 11    Str: 17    XL:     9   Next: 93%
MP:   11/28         EV: 13    Int: 22    God:    Kikubaaqudgha [*.....]
Gold: 272           SH:  5    Dex: 15    Spells: 2/35 levels left

rFire   + . .        x - +2 spear of Waloqab {flame, +Blink Str+6 Int-3 SInv}
rCold   + . .        (no shield)
rNeg    . . .        j - +2 robe {rC+ rF+}
rPois   .            E - +2 helmet
rElec   .            D - +0 cloak
rCorr   .            (no gloves)
SInv    +            n - +2 pair of boots
Will    .....        f - amulet of reflection
Stlth   ++           p - +6 ring of strength
HPRegen 0.26/turn    (no ring)
MPRegen 0.21/turn

%: reflection
@: studying Invocations, heavily drained
A: no striking features
a: Renounce Religion, Evoke Blink, Unearth Wretches


You were on level 7 of the Dungeon.
You worshipped Kikubaaqudgha.
Kikubaaqudgha was aware of your devotion.
You visited 2 branches of the dungeon, and saw 8 of its levels.

You collected 272 gold pieces.

Inventory:

Hand Weapons
 x - the +2 spear of Waloqab (weapon) {flame, +Blink Str+6 Int-3 SInv}
   (You found it on level 3 of the Dungeon)

   Str:       It affects your strength (+6).
   Int:       It affects your intelligence (-3).
   SInv:      It lets you see invisible.
   +Blink:    It lets you blink.
 B - a +2 dagger of holy wrath
 C - a +4 quarterstaff of chaos
 G - a +0 short sword of draining
 I - a +0 orcbow
 O - a +2 flail of protection
Missiles
 c - 3 javelins
 g - 27 stones
 o - a curare-tipped dart
 Q - 20 poisoned darts
Armour
 j - a +2 robe of resistance (worn)
 n - a +2 pair of boots (worn)
 v - a +3 leather armour of cold resistance
 D - a +0 cloak (worn)
 E - a +2 helmet (worn)
Jewellery
 f - an amulet of reflection (around neck)
 p - a +6 ring of strength (left hand)
Talismans
 k - a beast talisman
Wands
 a - a wand of charming (4)
 t - a wand of light (10)
Scrolls
 d - 2 scrolls of brand weapon {unknown}
 q - 6 scrolls of identify {unknown}
 r - a scroll of enchant weapon {unknown}
 y - 2 scrolls of fear {unknown}
 z - 2 scrolls of vulnerability {unknown}
 H - a scroll of silence {unknown}
 K - 3 scrolls of teleportation {unknown}
 N - a scroll of revelation {unknown}
 P - 2 scrolls of immolation {unknown}
Potions
 b - 3 potions of magic
 e - a potion of enlightenment {unknown}
 h - a potion of resistance {unknown}
 i - a potion of cancellation {unknown}
 l - 2 potions of berserk rage {unknown}
 m - 3 potions of curing {unknown}
 s - a potion of lignification {unknown}
 u - a potion of heal wounds {unknown}
 w - a potion of might {unknown}
 A - 2 potions of brilliance {unknown}
 L - 2 potions of haste {unknown}
 M - 2 potions of ambrosia {unknown}


   Skills:
 + Level 3.2 Dodging
 + Level 3.4 Stealth
 * Level 13.5 Spellcasting
 * Level 2.6 Conjurations
 + Level 9.3 Necromancy
 * Level 2.8 Ice Magic
 * Level 4.7 Air Magic
 + Level 2.4 Poison Magic
 + Level 0.2 Evocations


You had 2 spell levels left.
You knew the following spells:

 Your Spells              Type           Power      Damage    Failure   Level
a - Necrotise             Necr           100%       1d9       1%          1
b - Cigotuvi's Dreadful   Necr/Pois/Air  78%        N/A       1%          2
c - Vampiric Draining     Necr           54%        2d9       1%          3
d - Swiftness             Air            35%        N/A       1%          3
e - Animate Dead          Necr           54%        N/A       1%          4
f - Agony                 Necr           54%        N/A       2%          5
g - Ignite Poison         Fire/Tmut/Pois 18%        N/A       9%          3
h - Freezing Cloud        Conj/Ice/Air   14%        6-21      28%         5
i - Volatile Blastmotes   Fire/Tloc      28%        2d12      13%         3
j - Iskenderun's Mystic   Conj/Tloc      20%        2d6       24%         4

Your spell library contained the following spells:

 Spells                   Type           Power      Damage    Failure   Level
 Sublimation of Blood     Necr           54%        N/A       1%          2
 Ensorcelled Hibernation  Hex/Ice        42%        N/A       3%          2
 Passwall                 Tmut/Erth      11%        N/A       6%          2
 Fulminant Prism          Conj/Hex       10%        3d9       24%         4
 Conjure Ball Lightning   Conj/Air       15%        3x3d6     82%         6
 Discord                  Hex            7%         N/A       100%        8
 Disjunction              Tloc           7%         N/A       100%        8


Dungeon Overview and Level Annotations

Branches:
Dungeon (7/15)             Temple (1/1) D:5

Altars:
Ashenzari
Cheibriados
Dithmenos
Elyvilon
Fedhas
Hepliaklqana
Kikubaaqudgha
Makhleb
Okawaru
Qazlal
Ru
Trog
Uskayaw
Vehumet
Wu Jian
Yredelemnul
Zin
The Shining One

Shops:
D:2 (

Annotations:
D:7 Pikel


Message History

Casting: Cigotuvi's Dreadful Rot (safe; 1% risk of failure)
Confirm with . or Enter, or press ? or * to list all spells.
Aiming: Necrotise (safe; 1% risk of failure)
Press: ? - help, Shift-Dir - straight line, f/p - cyan ugly thing
Aim: a cyan ugly thing (lightly wounded, chance to affect: 70%)
The cyan ugly thing writhes in agony.
Casting: Necrotise (safe; 1% risk of failure)
Confirm with . or Enter, or press ? or * to list all spells.
Aiming: Necrotise (safe; 1% risk of failure)
Press: ? - help, Shift-Dir - straight line, f/p - cyan ugly thing
Aim: a cyan ugly thing (moderately wounded, chance to affect: 70%)
The cyan ugly thing struggles to resist.
Casting: Necrotise (safe; 1% risk of failure)
Confirm with . or Enter, or press ? or * to list all spells.
The spell is quite dangerous to miscast (2% risk of failure)!
Continue anyway?
Aiming: Agony (quite dangerous; 2% risk of failure)
Press: ? - help, Shift-Dir - straight line, f/p - cyan ugly thing
Aim: a cyan ugly thing (moderately wounded, chance to affect: 95%)
The cyan ugly thing convulses!
The cyan ugly thing misses you.
Casting: Agony (quite dangerous; 2% risk of failure)
Confirm with . or Enter, or press ? or * to list all spells.
The spell is quite dangerous to miscast (2% risk of failure)!
Continue anyway?
Aiming: Agony (quite dangerous; 2% risk of failure)
Press: ? - help, Shift-Dir - straight line, f/p - cyan ugly thing
Aim: a cyan ugly thing (heavily wounded, chance to affect: 95%)
The cyan ugly thing convulses!
You block the cyan ugly thing's attack.
You closely miss the cyan ugly thing.
The cyan ugly thing is severely wounded.
The cyan ugly thing kicks you! The cyan ugly thing shocks you!
* * * LOW HITPOINT WARNING * * *
Casting: Agony (quite dangerous; 2% risk of failure)
Confirm with . or Enter, or press ? or * to list all spells.
Aiming: Vampiric Draining (safe; 1% risk of failure)
Press: ? - help, Shift-Dir - straight line, f/p - cyan ugly thing
Aim: a cyan ugly thing (severely wounded)
You draw life force from the cyan ugly thing!
You feel life coursing into your body. The cyan ugly thing kicks you.
The cyan ugly thing shocks you!
You die...
Kikubaaqudgha rasps: "You have failed me!
Welcome... death!"

###.# ...# #)..#
....######.#####.#..
#.................. #
#.#........###.### ..
#...##.##......### ..#
###..#...#.#.....#..
.. ...#.##..##........
#.###.##.###..#.......
#...u@..#..###.#......
#.$####..##..##.#.....
#.. ##..............
.... ..........##..
#.... #.############
#.... .# #.... ..
#.... #.#


You could see a cyan ugly thing.

Vanquished Creatures
  5 yaks (D:6)
  A steam dragon (D:6)
  Menkaure (D:5)
  Edmund (D:5)
  2 ice beasts
  Duvessa (D:7)
  2 black bears (D:4)
  2 orc warriors
  2 ogres (D:4)
  2 lemures (D:6)
  3 phantoms
  3 kobold brigands
  A bullfrog (D:6)
  5 scorpions
  A wight (D:6)
  Dowan (D:7)
  4 howler monkeys (D:6)
  3 jellies
  An orc priest (D:4)
  A hound (D:5)
  Crazy Yiuf (D:3)
  A sleepcap (D:6)
  5 iguanas
  Ijyb (D:3)
  3 orc wizards (D:4)
  Robin (D:3)
  8 adders
  2 shadow imps (D:6)
  5 worms
  A dart slug (D:4)
  23 orcs
  8 ball pythons
  4 endoplasms
  4 giant cockroaches
  14 goblins
  7 hobgoblins
  9 kobolds
  4 bats
  A frilled lizard (D:2)
  A rat (D:1)
145 creatures vanquished.

Vanquished Creatures (collateral kills)
  A yak (D:6)
1 creature vanquished.

Grand Total: 146 creatures vanquished

Notes
Turn   | Place    | Note
-------+----------+-------------------------------------------
     0 | D:1      | bobarctor the Deep Elf Necromancer began the quest for the
                  | Orb.
     0 | D:1      | Reached XP level 1. HP: 10/10 MP: 6/6
    63 | D:1      | Reached skill level 5 in Necromancy
   274 | D:1      | Reached XP level 2. HP: 15/15 MP: 4/8
   727 | D:2      | Learned a level 2 spell: Cigotuvi's Dreadful Rot
   768 | D:2      | Found Pobbocli's Antique Weapon Boutique.
   864 | D:2      | Reached XP level 3. HP: 19/19 MP: 1/10
   865 | D:2      | Reached skill level 4 in Spellcasting
   953 | D:2      | Learned a level 3 spell: Vampiric Draining
  1055 | D:2      | Learned a level 3 spell: Swiftness
  1527 | D:3      | Noticed Ijyb
  1540 | D:3      | Killed Ijyb
  1541 | D:3      | Reached XP level 4. HP: 20/24 MP: 5/12
  1666 | D:3      | Reached skill level 5 in Spellcasting
  1770 | D:3      | Identified the +2 spear of Waloqab {flame, +Blink Str+6
                  | Int-3 SInv}
  1902 | D:3      | Found a hazy altar of Hepliaklqana.
  2102 | D:3      | Noticed Robin
  2105 | D:3      | Reached skill level 1 in Poison Magic
  2110 | D:3      | Killed Robin
  2342 | D:3      | Reached XP level 5. HP: 28/28 MP: 10/15
  2348 | D:3      | Learned a level 4 spell: Animate Dead
  2448 | D:3      | Found a runed translucent door.
  2449 | D:3      | Noticed Crazy Yiuf
  2551 | D:3      | Killed Crazy Yiuf
  2552 | D:3      | Reached skill level 1 in Air Magic
  2778 | D:4      | Noticed a phantom
  2804 | D:4      | Killed a phantom
  2805 | D:4      | Reached skill level 6 in Spellcasting
  2905 | D:4      | Noticed a black bear
  2913 | D:4      | Killed a black bear
  2914 | D:4      | Reached XP level 6. HP: 32/32 MP: 8/17
  2980 | D:4      | Learned a level 5 spell: Agony
  3058 | D:4      | Noticed an ice beast
  3073 | D:4      | Killed an ice beast
  3074 | D:4      | Reached skill level 7 in Spellcasting
  3223 | D:4      | Reached XP level 7. HP: 36/36 MP: 15/20
  3323 | D:4      | Reached skill level 8 in Spellcasting
  3710 | D:4      | Found a sacrificial altar of Ru.
  3762 | D:4      | Found a burning altar of Makhleb.
  3966 | D:4      | Found a white marble altar of Elyvilon.
  4111 | D:4      | Reached skill level 9 in Spellcasting
  4238 | D:5      | Entered Level 5 of the Dungeon
  4259 | D:5      | Noticed Menkaure
  4304 | D:4      | Reached XP level 8. HP: 37/41 MP: 7/23
  4397 | D:4      | Learned a level 3 spell: Ignite Poison
  4537 | D:5      | Found a basalt altar of Yredelemnul.
  4897 | D:5      | Found a staircase to the Ecumenical Temple.
  4909 | Temple   | Entered the Ecumenical Temple
  4989 | Temple   | Became a worshipper of Kikubaaqudgha
  5104 | D:5      | Reached skill level 10 in Spellcasting
  5152 | D:5      | Found an ornate altar of the Wu Jian Council.
  5306 | D:5      | Noticed Edmund
  5315 | D:5      | Killed Edmund
  5687 | D:5      | Killed Menkaure
  5917 | D:6      | Found a broken altar of Ashenzari.
  6022 | D:6      | Reached skill level 11 in Spellcasting
  6088 | D:6      | Found a radiant altar of Vehumet.
  6152 | D:7      | Noticed Duvessa
  6152 | D:7      | Noticed Dowan
  6517 | D:6      | Reached skill level 12 in Spellcasting
  6517 | D:6      | Reached XP level 9. HP: 40/42 MP: 25/27
  6523 | D:6      | Learned a level 5 spell: Freezing Cloud
  6687 | D:6      | Reached skill level 1 in Conjurations
  6687 | D:6      | Reached skill level 1 in Ice Magic
  7004 | D:6      | Found a stormy altar of Qazlal.
  7517 | D:6      | Reached skill level 13 in Spellcasting
  7545 | D:6      | Learned a level 3 spell: Volatile Blastmotes
  7550 | D:6      | Learned a level 4 spell: Iskenderun's Mystic Blast
  7606 | D:7      | Noticed Pikel
  7930 | D:6      | Reached * piety under Kikubaaqudgha
  7930 | D:6      | Received a gift from Kikubaaqudgha
  8017 | D:7      | Killed Duvessa
  8020 | D:7      | Killed Dowan
  8398 | D:7      | Noticed a cyan ugly thing
  8410 | D:7      | Slain by a cyan ugly thing

Illustrated notes

Levels and vault maps discovered:
D:1:      saegor_arrival_miasma, layout_basic, hangedman_decor_clover_reticule
D:2:      layout_loops_ring, serial_shops, shop
D:3:      layout_rooms, nicolae_hepliaklqana_hazy_memory,
          kennysheep_generic_room_4, uniq_robin, uniq_ijyb,
          uniq_crazy_yiuf_cottage
D:4:      layout_loops_corners, kennysheep_mini_moat, nicolae_ru_path_of_blood,
          old_standard_altar
D:5:      layout_cave_pods, yredelemnul_altar_generic,
          overflow_temple_1_default, minmay_temple_entry_hall,
          minmay_misc_feat_square, uniq_menkaure, uniq_edmund
D:6:      layout_basic, mainiacjoe_overflow_six_doors_small,
          nicolae_vehumet_radiance, nicolae_qazlal_scattered_showers
D:7:      layout_rooms, serial_glass, glass_columns_a, glass_columns_a,
          minmay_manual_mess, uniq_duvessa, uniq_maggie, uniq_pikel
Temple:   hellmonk_temple_beads

Skill      XL: |  1  2  3  4  5  6  7  8  9 |
---------------+----------------------------+-----
Necromancy     | 5 6 7 8 9 |  9.3
Spellcasting   | 4 5 6 7 9 12 13 | 13.5
Poison Magic   | 1 2 |  2.4
Air Magic      | 1 2 3 4 |  4.7
Stealth        | 3 |  3.4
Dodging        | 3 |  3.2
Conjurations   | 2 |  2.6
Ice Magic      | 2 |  2.8
Evocations     | |  0.2

Action                     |  1- 3 |  4- 6 |  7- 9 || total
---------------------------+-------+-------+-------++-------
  Melee: Spear             |       |    58 |   142 ||   200
         Punch             |       |     1 |     1 ||     2
         Dagger            |       |       |    11 ||    11
         Flail             |       |       |     7 ||     7
   Cast: Necrotise         |    54 |    57 |   192 ||   303
         Vampiric Draining |     5 |     2 |    21 ||    28
         Cigotuvi's Dreadf |       |     3 |     8 ||    11
         Agony             |       |       |    12 ||    12
Ability: Evoke Blink       |       |       |     4 ||     4
    Use: Potion            |     3 |       |       ||     3
   Stab: Sleeping          |       |     1 |     1 ||     2
 Armour: Robe              |     6 |       |     1 ||     7
         Leather armour    |       |    24 |    91 ||   115
  Dodge: Dodged            |    10 |    35 |   124 ||   169
  Block: Other             |       |       |    21 ||    21
         Reflection        |       |       |     1 ||     1

Table legend: (Time is in decaauts)
 A = Elapsed time spent in this place.
 B = Non-inter-level travel time spent in this place.
 C = Inter-level travel time spent in this place.
 D = Time resting spent in this place.
 E = Time spent auto-exploring this place.
 F = Levels seen in this place.
 G = Mean time per level.
                   A        B        C        D        E       F      G
               +--------+--------+--------+--------+--------+-----+--------+
         Total |   8442 |   8069 |    373 |   2180 |   4249 |   8 | 1055.2 |
       Dungeon |   8316 |   7975 |    341 |   2180 |   4249 |   7 | 1188.0 |
        Temple |    125 |     93 |     32 |      0 |      0 |   1 |  125.0 |
               +--------+--------+--------+--------+--------+-----+--------+

Top non-repeatable levels by time:
     D:6: 2085 daAuts
     D:4: 1676 daAuts
     D:5: 1326 daAuts
     D:3: 1253 daAuts
     D:2: 809 daAuts
     D:1: 691 daAuts
     D:7: 473 daAuts
  Temple: 125 daAuts
